 Dungeon Crawl Stone Soup version 0.21-a0-518-g43a1781 (webtiles) character file.

12 luca467 the Skirmisher (level 2, 21/24 HPs)
             Began as a Mummy Chaos Knight on Dec 4, 2017.
             Quit the game on level 1 of the Dungeon.
             The game lasted 00:00:59 (280 turns).

luca467 the Skirmisher (Mummy Chaos Knight)          Turns: 280, Time: 00:01:00

Health: 21/24      AC:  5    Str: 15    XL:     2   Next: 20%
Magic:  2/2        EV: 11    Int: 11    God:    Xom [..*...]
Gold:   8          SH:  0    Dex: 11    Spells: 1/1 levels left

rFire    x . .     SeeInvis .   a - +0 mace (chaos)
rCold    + . .     Gourm    .   (no shield)
rNeg     + + +     Faith    .   b - +2 leather armour
rPois    ∞         Spirit   .   (no helmet)
rElec    .         Reflect  .   (no cloak)
rCorr    .         Harm     .   (no gloves)
MR       .....                  (no boots)
Stlth    +.........             (no amulet)
HPRegen  0.08/turn              (no ring)
MPRegen  0.08/turn              (no ring)

@: no status effects
A: no food or potions, fire vulnerability, cold resistance 1, negative energy
resistance 3, torment resistance, unbreathing
a: Renounce Religion


You were on level 1 of the Dungeon.
You worshipped Xom.
You were a toy of Xom.
You were not hungry.

You visited 1 branch of the dungeon, and saw 1 of its levels.

You collected 8 gold pieces.

Inventory:

Hand Weapons
 a - a +0 mace of chaos (weapon)
Missiles
 c - 2 tomahawks (quivered)
 e - 20 stones
Armour
 b - a +2 leather armour (worn)
Scrolls
 d - 2 scrolls of noise {unknown}
 f - a scroll of teleportation {unknown}
 g - a scroll of remove curse {unknown}
 h - a scroll of identify {unknown}


   Skills:
 + Level 3.5 Fighting
 + Level 2.6 Maces & Flails
 + Level 1.5 Armour
 + Level 0.7 Dodging


You had one spell level left.
You didn't know any spells.

Dungeon Overview and Level Annotations

Branches:
Dungeon (1/15)

Altars:


Innate Abilities, Weirdness & Mutations

You do not eat or drink.
Your flesh is vulnerable to fire.
You are immune to poison.
Your flesh is cold resistant. (rC+)
You are immune to negative energy. (rN+++)
You are immune to unholy pain and torment.
You can survive without breathing.


Message History

h - a scroll labeled NEQOUPNYDE A leopard gecko comes into view.
The leopard gecko hisses angrily.
The leopard gecko closely misses you.
You hit the leopard gecko but do no damage.
The leopard gecko bites you but does no damage. x2
You barely miss the leopard gecko. The leopard gecko barely misses you.
You barely miss the leopard gecko. The leopard gecko barely misses you.
The leopard gecko closely misses you.
You closely miss the leopard gecko. The leopard gecko bites you.
The leopard gecko closely misses you.
You hit the leopard gecko. You burn the leopard gecko.
The leopard gecko is severely wounded.
The leopard gecko bites you.
You hit the leopard gecko.
You kill the leopard gecko!
No target in view!
No target in view!
Unknown command.
Are you sure you want to abandon this character and quit the game? (Confirm with "yes".)

#....###.#.
#....#.....
#..........
##+###.#...
#.........
###########.........
#.......#.#######...
###.###.#.# #....
#@# #.#.######....
#.# #.............
#.. +...........##
#####....#####..##
#....#####....
..........†..##
###.##.######.##
#.##.# #.## #.
#.######)##


There were no monsters in sight!

Vanquished Creatures
  A leopard gecko (D:1)
  A bat (D:1)
  2 goblins (D:1)
  2 hobgoblins (D:1)
  3 kobolds (D:1)
  A rat (D:1)
10 creatures vanquished.

Notes
Turn   | Place    | Note
-------+----------+-------------------------------------------
     0 | D:1      | luca467 the Mummy Chaos Knight began the quest for the Orb.
     0 | D:1      | Reached XP level 1. HP: 18/18 MP: 1/1
    31 | D:1      | XOM: potion effect (agility)
    44 | D:1      | XOM: divination: detect items
   218 | D:1      | Reached XP level 2. HP: 24/24 MP: 2/2
   280 | D:1      | Quit the game

Vault maps used:
D:1:      onia_arrival_pyramid

Action                   || total
-------------------------++-------
Melee: Mace              ||    27
Armor: Leather armour    ||     6
Dodge: Dodged            ||    26

Table legend:
 A = Spawn XP
 B = Non-spawn XP
 C = Spawn XP percentage of total XP
 D = Spawn monster count
 E = Non-spawn monster count
 F = Spawn count percentage of total count
 G = Total turns spent on level
                    A         B        C        D         E        F      G
               +---------+---------+-------+---------+---------+-------+---------
         Total |       0 |      18 |   0.0 |       0 |      10 |   0.0 |   280
               +---------+---------+-------+---------+---------+-------+---------
           D:1 |       0 |      18 |   0.0 |       0 |      10 |   0.0 |   280
               +---------+---------+-------+---------+---------+-------+---------
